 Dungeon Crawl Stone Soup version 0.29-a0-251-g80730f7218 (webtiles) character file.

Game seed: 1835810145401881478

39 spaghetti the Ruffian (level 3, 0/29 (34) HPs)
             Began as a Naga Chaos Knight on Mar 5, 2022.
             Was a Plaything of Xom.
             Slain by a gnoll
             ... wielding a +0 club
              (6 damage)
             ... on level 2 of the Dungeon.
             The game lasted 00:01:49 (1028 turns).

spaghetti the Ruffian (Naga Chaos Knight)           Turns: 1028, Time: 00:01:50

HP:   0/29 (34)     AC:  5    Str: 16    XL:     3   Next: 45%
MP:   3/3           EV:  9    Int: 12    God:    Xom [*.....]
Gold: 125           SH:  0    Dex: 10    Spells: 2/2 levels left

rFire   . . .      SeeInvis +     - Unarmed
rCold   . . .      Faith    .   (no shield)
rNeg    . . .      Spirit   .   a - +2 leather armour
rPois   +          Reflect  .   d - +0 helmet
rElec   .          Harm     .   (no cloak)
rCorr   .          Rampage  .   (no gloves)
Will    .....                   (no barding)
Stlth   +.........              (no amulet)
HPRegen 0.09/turn               (no ring)
MPRegen 0.08/turn               (no ring)

@: short of breath, heavily drained, very slow
A: AC +1, large, see invisible, deformed body, poison resistance, slowness 2,
spit poison 1, naga tail 1
a: Spit Poison, Renounce Religion


You were on level 2 of the Dungeon.
You worshipped Xom.
You were a special plaything of Xom.
You visited 1 branch of the dungeon, and saw 2 of its levels.

You collected 125 gold pieces.


Innate Abilities, Weirdness & Mutations

Your serpentine skin is tough. (AC +1)
You have supernaturally acute eyesight. (SInv)
Armour fits poorly on your strangely shaped body.
Your system is resistant to poisons. (rPois)
You cover ground very slowly.
You can spit poison.
You have a snake-like lower body.


   Skills:
 - Level 3.0 Fighting
 - Level 1.5 Armour
 + Level 1.1 Dodging
 - Level 4.2 Unarmed Combat


You had 2 spell levels left.
You didn't know any spells.
Your spell library was empty.

Inventory:

Missiles
 h - 5 stones {throwing}
Armour
 a - a +2 leather armour (worn)
 d - a +0 helmet (worn)
   (You found it on level 1 of the Dungeon)
Scrolls
 b - a scroll of blinking {!r}
 i - a scroll of vulnerability {unknown}
Potions
 c - a potion of haste {unknown}
 e - a potion of brilliance {unknown}
 f - a potion of lignification {unknown}
 g - a potion of degeneration {unknown}

Dungeon Overview and Level Annotations

Branches:
Dungeon (2/15)

Altars:

Shops:
D:1

[[ ########
########..h...####
....gh.g.hgK......
########.#†g..####..
#....#.h@.......
#....########...
#....'.......
#....#######. ######
#†...# .....# #....#
.###.# #....# .#
#.####....#.# .#
#.............


You could see 3 gnolls, 3 jackals and a kobold.


Message History

A hobgoblin and a dart slug come into view.
There are monsters nearby!
There are monsters nearby!
You hit the hobgoblin.
You kill the hobgoblin!
A dart slug is nearby!
A dart slug is nearby!
The dart slug launches a dart at you.
The slug dart hits you but does no damage.
You punch the dart slug! The dart slug barely misses you.
You hit the dart slug.
You kill the dart slug!
No target in view!
No target in view!
No target in view!
No target in view!
No target in view!
No target in view!
No target in view!
No target in view!
You open the door.
There is an open door here.
A kobold, 2 jackals and a gnoll come into view.
The jackal barks!
The gnoll shouts!
The kobold throws a stone.
The stone hits you.
A gnoll comes into view. It is wielding a +0 club.
A jackal comes into view.
The gnoll moves out of view.
A gnoll comes into view. It is wielding a +0 whip.
There are monsters nearby!
There are monsters nearby!
A jackal and a gnoll come into view.
The jackal barks! x2; The gnoll shouts! x3
The kobold throws a stone.
The stone completely misses you.
The stone barely misses the jackal.
The jackal bites you but does no damage. 😕 HP[-2]
You take 2 damage, and now have 27/29 hp.
You barely miss the jackal. The jackal closely misses you.
You closely miss the jackal. The jackal bites you. 😕 HP[-1]
You take 1 damage, and now have 26/29 hp.
You barely miss the jackal.
The jackal bites you but does no damage.
You hit the jackal but do no damage. The jackal closely misses you.
You hit the gnoll. "This is how I like it!"
You swap places with the gnoll.
The gnoll looks rather confused.
Some monsters swap places.
You are now a special plaything of Xom.
The gnoll barely misses you. The jackal barely misses you.
The gnoll hits you with a +0 club. The kobold hits you but does no damage.
The gnoll closely misses the jackal.
The gnoll completely misses you.
The jackal bites you but does no damage.
The gnoll hits you with a +0 whip. 😕 HP[-1]
You take 1 damage, and now have 25/29 hp.
You hit the gnoll but do no damage. The jackal closely misses you.
The gnoll closely misses you.
Something misses the jackal.
The jackal completely misses you.
The gnoll hits you with a +0 whip. 😮 HP[-4]
You take 4 damage, and now have 21/29 hp.
You are too injured to fight recklessly!
You are too injured to fight recklessly!
You are too injured to fight recklessly!
You are too injured to fight recklessly!
You are too injured to fight recklessly!
You are too injured to fight recklessly!
You are too injured to fight recklessly!
You are too injured to fight recklessly!
You are too injured to fight recklessly!
You are too injured to fight recklessly!
You are too injured to fight recklessly!
You are too injured to fight recklessly!
You are too injured to fight recklessly!
You are too injured to fight recklessly!
You are too injured to fight recklessly!
You are too injured to fight recklessly!
Aiming: Spit Poison (2% risk of failure)
Press: ? - help, Q - select action, (/) - cycle Shift-Dir - straight line, f - jackal
Aim: a jackal (50% to hit)
The splash of poison hits the jackal.
The jackal is poisoned.
The gnoll hits you with a +0 club. The jackal closely misses you.
Something hits the jackal.
The gnoll hits you with a +0 whip.
* * * LOW HITPOINT WARNING * * *
😨 HP[-11]
You take 11 damage, and now have 10/29 hp.
MASSIVE DAMAGE!! (PAUSE)
The jackal bites you.
* * * LOW HITPOINT WARNING * * *
😱 HP[-3]
You take 3 damage, and now have 7/29 hp.
You kill the jackal!
The gnoll hits you but does no damage.
The kobold throws a stone.
The stone hits you.
* * * LOW HITPOINT WARNING * * *
Something closely misses the jackal.
The gnoll hits you with a +0 club.
You die...
Xom giggles madly!

Skill      XL: |  1  2  3 |
---------------+----------+-----
Unarmed Combat | 4 |  4.2
Dodging        | 1 |  1.1
Fighting       | |  3.0
Armour         | |  1.5

Action                   || total
-------------------------++-------
Melee: Unarmed           ||    85
       Punch             ||     1
 Abil: Spit Poison       ||     8
  Use: Scroll            ||     1
Armor: Leather armour    ||    68
Dodge: Dodged            ||    57

Levels and vault maps discovered:
D:1:      mainiacjoe_arrival_reflecting_pool, layout_rooms, serial_shops,
          nicolae_shop_trees, shop_coins, kennysheep_doodads
D:2:      layout_basic, basic_altar, serial_shops,
          nicolae_shop_overgrown_old_shop, uniq_jessica, uniq_terence

Notes
Turn   | Place    | Note
-------+----------+-------------------------------------------
     0 | D:1      | spaghetti the Naga Chaos Knight began the quest for the
                  | Orb.
     0 | D:1      | Reached XP level 1. HP: 21/21 MP: 1/1
     0 | D:1      | magus.rc [v1.9.6]
    69 | D:1      | Reached XP level 2. HP: 21/28 MP: 2/2
   193 | D:1      | XOM: divination: detect items
   418 | D:1      | Found Cejim's Antique Armour Shop.
   659 | D:1      | Reached skill level 4 in Unarmed Combat
   675 | D:1      | Found Axuniq's Antique Armour Emporium.
   682 | D:1      | Reached XP level 3. HP: 14/34 MP: 3/3
   747 | D:1      | XOM: draining
   951 | D:2      | Reached skill level 1 in Dodging
  1023 | D:2      | XOM: swap monsters
  1027 | D:2      | HP: 7/29 [jackal (3)]
  1028 | D:2      | Slain by a gnoll

Vanquished Creatures
  A gnoll (D:1)
  2 dart slugs
  3 ball pythons (D:1)
  2 goblins (D:1)
  2 hobgoblins
  A jackal (D:2)
  4 kobolds
  A quokka (D:1)
  5 bats (D:1)
  A frilled lizard (D:1)
  3 rats (D:1)
25 creatures vanquished.

Table legend:
 A = Non-vault XP
 B = Vault XP
 C = Vault XP percentage of total XP
 D = Non-vault monster count
 E = Vault monster count
 F = Vault count percentage of total count
                 A         B        C        D         E       F
            +---------+---------+-------+---------+---------+-------
      Total |      58 |       0 |   0.0 |      25 |       0 |   0.0
            +---------+---------+-------+---------+---------+-------
        D:1 |      48 |       0 |   0.0 |      21 |       0 |   0.0
        D:2 |      10 |       0 |   0.0 |       4 |       0 |   0.0
            +---------+---------+-------+---------+---------+-------

Illustrated notes

Table legend:
 A = Kills in this place as a percentage of kills in entire the game.
 B = Kills by you in this place as a percentage of kills by you in the entire game.
 C = Kills by friends in this place as a percentage of kills by friends in the entire game.
 D = Other kills in this place as a percentage of other kills in the entire game.
 E = Experience gained in this place as a percentage of experience gained in the entire game.
 F = Experience gained in this place divided by the number of levels of this place that you have seen.
                   A       B       C       D       E      F
               +-------+-------+-------+-------+-------+----------------------
         Total | 100.0 | 100.0 |   N/A |   N/A | 100.0 |  29.0
       Dungeon | 100.0 | 100.0 |   N/A |   N/A | 100.0 |  29.0
               +-------+-------+-------+-------+-------+----------------------

Table legend: (Time is in decaauts)
 A = Elapsed time spent in this place.
 B = Non-inter-level travel time spent in this place.
 C = Inter-level travel time spent in this place.
 D = Time resting spent in this place.
 E = Time spent auto-exploring this place.
 F = Levels seen in this place.
 G = Mean time per level.
                   A        B        C        D        E       F      G
               +--------+--------+--------+--------+--------+-----+--------+
         Total |   1200 |   1196 |      4 |    120 |    876 |   2 |  600.0 |
       Dungeon |   1200 |   1196 |      4 |    120 |    876 |   2 |  600.0 |
               +--------+--------+--------+--------+--------+-----+--------+

Top non-repeatable levels by time:
     D:1: 1089 daAuts
     D:2: 111 daAuts
